 Dungeon Crawl Stone Soup version 0.24.0-123-gd5b16e6ec5 (webtiles) character file.

Game seed: 15847196092617784235, levelgen mode: deterministic

387 Sery3m the Magician (level 6, 44/44 HPs)
             Began as a Gnoll Wizard on Jan 13, 2020.
             Quit the game on level 4 of the Dungeon.
             The game lasted 00:06:25 (3458 turns).

Sery3m the Magician (Gnoll Wizard)                  Turns: 3458, Time: 00:06:25

Health: 44/44      AC:  4    Str:  9    XL:     6   Next: 78%
Magic:  16/16      EV: 15    Int: 23    God:
Gold:   162        SH:  0    Dex: 13    Spells: 8/19 levels left

rFire    . . .     SeeInvis .   v - staff of wizardry
rCold    . . .     Gourm    .   (no shield)
rNeg     . . .     Faith    .   a - +0 robe
rPois    .         Spirit   .   s - +0 helmet
rElec    .         Reflect  .   u - +0 cloak
rCorr    +         Harm     .   (no gloves)
MR       .....                  (no boots)
Stlth    +++.......             (no amulet)
HPRegen  0.14/turn              i - ring of resist corrosion
MPRegen  0.15/turn              r - +1 ring of evasion

@: no status effects
A: distributed training, fangs 1, strong nose
a: no special abilities


You were on level 4 of the Dungeon.
You were not hungry.

You visited 1 branch of the dungeon, and saw 4 of its levels.

You collected 162 gold pieces.

Inventory:

Hand Weapons
 f - a +0 dagger
 h - a +0 spear
Armour
 a - a +0 robe (worn)
 b - a +0 hat
 s - a +0 helmet (worn)
 u - a +0 cloak (worn)
Magical Staves
 v - an uncursed staff of wizardry (weapon)
Jewellery
 e - an uncursed amulet of harm
 i - a ring of resist corrosion (left hand)
 r - a +1 ring of evasion (right hand)
Scrolls
 g - a scroll of amnesia {unknown}
 k - 3 scrolls of remove curse {unknown}
 l - 2 scrolls of fog {unknown}
 m - 3 scrolls of teleportation {unknown}
 n - 3 scrolls of enchant weapon {unknown}
 p - a scroll of magic mapping {unknown}
Potions
 c - a potion of flight {unknown}
 j - a potion of agility {unknown}
 o - 3 potions of mutation {unknown}
 q - a potion of brilliance {unknown}
 t - a potion of heal wounds {unknown}
Comestibles
 d - 4 rations
 w - a chunk of flesh


   Skills:
 + Level 2.1 Fighting
 + Level 2.1 Short Blades
 + Level 2.1 Long Blades
 + Level 2.1 Axes
 + Level 2.1 Maces & Flails
 + Level 2.1 Polearms
 + Level 2.1 Staves
 + Level 2.1 Slings
 + Level 2.1 Bows
 + Level 2.1 Crossbows
 + Level 2.1 Throwing
 + Level 2.1 Armour
 + Level 5.0 Dodging
 + Level 4.6 Stealth
 + Level 2.1 Shields
 + Level 2.1 Unarmed Combat
 + Level 7.4 Spellcasting
 + Level 2.7 Conjurations
 + Level 1.6 Hexes
 + Level 1.6 Charms
 + Level 2.7 Summonings
 + Level 1.6 Necromancy
 + Level 2.7 Translocations
 + Level 1.6 Transmutations
 + Level 1.6 Fire Magic
 + Level 1.6 Ice Magic
 + Level 1.6 Air Magic
 + Level 1.6 Earth Magic
 + Level 1.6 Poison Magic
 + Level 2.3 Invocations
 + Level 2.1 Evocations


You had 8 spell levels left.
You knew the following spells:

 Your Spells              Type           Power        Failure   Level  Hunger
a - Magic Dart            Conj           ###.         1%          1    None
b - Call Imp              Summ           ###.....     1%          2    None
e - Conjure Flame         Conj/Fire      ###.....     3%          3    None
f - Mephitic Cloud        Conj/Pois/Air  ###.....     4%          3    None
i - Blink                 Tloc           N/A          1%          2    None

Your spell library contained the following spells:

 Spells                   Type           Power        Failure   Level  Hunger
 Slow                     Hex            ###.....     2%          2    None


Dungeon Overview and Level Annotations

Branches:
Dungeon (4/15)
 Temple: D:4-7

Altars:

Annotations:
D:4 Menkaure


Innate Abilities, Weirdness & Mutations

Your experience applies equally to all skills.
You have very sharp teeth.
Your uncanny sense of smell can sniff out nearby items.


Message History

a +0 club; a goblin skeleton Magic restored.
You butcher the dart slug corpse.
w - 2 chunks of flesh Eating one of 2 chunks of flesh.
You eat one of the 2 chunks of flesh.
This raw flesh tastes terrible.
Done exploring.
You can't go down here!
Things that are here:
a +0 dagger; a frilled lizard corpse
There is a stone staircase leading down here.
You climb downwards.
There is a stone staircase leading up here.
Menkaure, Prince of Dust comes into view.
Menkaure shouts!
Found a ration.
Menkaure is nearby!
Quiver which item? (- for none, * to show all) (? for menu, Esc to quit)
Okay, then.
Are you sure you want to abandon this character and quit the game? (Confirm with "yes".)

.# .. ###
.. M ##.
#.#. %.
#.....
#..#. ##...
##...##
#...@.##
#....<.#
#.......#
#....##...#
#...# #...#
#...# ...#
....# ...#
...# .## ##
.#


You could see Menkaure.

Vanquished Creatures
  Grinder (D:3)
  A hound (D:3)
  2 gnolls (D:2)
  3 adders (D:2)
  3 worms
  A dart slug (D:3)
  3 leopard geckos
  3 ball pythons (D:2)
  2 giant cockroaches
  17 goblins
  9 hobgoblins
  8 jackals
  3 quokkas
  6 bats
  4 frilled lizards
  A jackal zombie (D:3)
  7 kobolds
  5 rats
79 creatures vanquished.

Vanquished Creatures (collateral kills)
  Robin (D:1)
  A gnoll (D:2)
  An adder (D:2)
  A dart slug (D:3)
  A hobgoblin (D:3)
  A jackal (D:2)
6 creatures vanquished.

Grand Total: 85 creatures vanquished

Notes
Turn   | Place    | Note
-------+----------+-------------------------------------------
     0 | D:1      | Sery3m the Gnoll Wizard began the quest for the Orb.
     0 | D:1      | Reached XP level 1. HP: 13/13 MP: 8/8
   106 | D:1      | Reached XP level 2. HP: 16/19 MP: 2/10
   168 | D:1      | Learned a level 2 spell: Call Imp
   171 | D:1      | Learned a level 2 spell: Blink
   441 | D:1      | Reached XP level 3. HP: 25/25 MP: 4/11
  1005 | D:2      | Reached skill level 1 in Invocations
  1014 | D:2      | Reached skill level 1 in Fighting
  1014 | D:2      | Reached skill level 1 in Short Blades
  1014 | D:2      | Reached skill level 1 in Long Blades
  1014 | D:2      | Reached skill level 1 in Axes
  1014 | D:2      | Reached skill level 1 in Maces & Flails
  1014 | D:2      | Reached skill level 1 in Polearms
  1014 | D:2      | Reached skill level 1 in Staves
  1014 | D:2      | Reached skill level 1 in Slings
  1014 | D:2      | Reached skill level 1 in Bows
  1014 | D:2      | Reached skill level 1 in Crossbows
  1014 | D:2      | Reached skill level 1 in Throwing
  1014 | D:2      | Reached skill level 1 in Armour
  1014 | D:2      | Reached skill level 1 in Shields
  1014 | D:2      | Reached skill level 1 in Unarmed Combat
  1014 | D:2      | Reached skill level 1 in Evocations
  1076 | D:2      | Reached XP level 4. HP: 23/32 MP: 3/13
  1231 | D:2      | Noticed Robin
  1292 | D:1      | Killed Robin
  1595 | D:2      | Reached skill level 1 in Hexes
  1595 | D:2      | Reached skill level 1 in Charms
  1595 | D:2      | Reached skill level 1 in Necromancy
  1595 | D:2      | Reached skill level 1 in Transmutations
  1595 | D:2      | Reached skill level 1 in Fire Magic
  1595 | D:2      | Reached skill level 1 in Ice Magic
  1595 | D:2      | Reached skill level 1 in Air Magic
  1595 | D:2      | Reached skill level 1 in Earth Magic
  1595 | D:2      | Reached skill level 1 in Poison Magic
  1788 | D:2      | Reached XP level 5. HP: 33/37 MP: 5/14
  2721 | D:3      | Noticed Grinder
  2762 | D:3      | Killed Grinder
  2762 | D:3      | Reached skill level 5 in Dodging
  2762 | D:3      | Reached XP level 6. HP: 8/44 MP: 0/16
  3017 | D:3      | Learned a level 3 spell: Conjure Flame
  3021 | D:3      | Learned a level 3 spell: Mephitic Cloud
  3457 | D:4      | Noticed Menkaure
  3458 | D:4      | Quit the game

Levels and vault maps discovered:
D:1:      tarquinn_simple_flora_water_e, layout_basic, minmay_domino_4
D:2:      layout_loops_ring, minivault_24, uniq_robin
D:3:      layout_rooms, uniq_grinder
D:4:      minmay_wonky_spiral, layout_layer_cave, minmay_temple_entry_slanted,
          first_ration, uniq_ijyb, uniq_menkaure, uniq_sigmund

Skill      XL: |  1  2  3  4  5 |
---------------+----------------+-----
Conjurations   | 2 |  2.7
Summonings     | 2 |  2.7
Translocations | 2 |  2.7
Invocations    | 1 2 |  2.3
Fighting       | 1 2 |  2.1
Short Blades   | 1 2 |  2.1
Long Blades    | 1 2 |  2.1
Axes           | 1 2 |  2.1
Maces & Flails | 1 2 |  2.1
Polearms       | 1 2 |  2.1
Staves         | 1 2 |  2.1
Slings         | 1 2 |  2.1
Bows           | 1 2 |  2.1
Crossbows      | 1 2 |  2.1
Throwing       | 1 2 |  2.1
Armour         | 1 2 |  2.1
Shields        | 1 2 |  2.1
Unarmed Combat | 1 2 |  2.1
Evocations     | 1 2 |  2.1
Hexes          | 1 |  1.6
Charms         | 1 |  1.6
Necromancy     | 1 |  1.6
Transmutations | 1 |  1.6
Fire Magic     | 1 |  1.6
Ice Magic      | 1 |  1.6
Air Magic      | 1 |  1.6
Earth Magic    | 1 |  1.6
Poison Magic   | 1 |  1.6
Dodging        | 5 |  5.0
Stealth        | |  4.6
Spellcasting   | |  7.4

Action                   |  1- 3 |  4- 6 || total
-------------------------+-------+-------++-------
Melee: Dagger            |     4 |       ||     4
       Bite              |     2 |     6 ||     8
       Spear             |    18 |    19 ||    37
       Staff             |       |    24 ||    24
 Cast: Magic Dart        |    56 |   133 ||   189
       Call Imp          |     3 |     5 ||     8
 Stab: Sleeping          |       |     2 ||     2
  Eat: Chunk             |       |     8 ||     8
Armor: Robe              |       |    20 ||    20
Dodge: Dodged            |    16 |    74 ||    90
